 Dungeon Crawl Stone Soup version 0.30-b1-2-g02819fbbbe (webtiles) character file.

Game seed: 14466534719551606208

11 Alarkh the Trooper (level 2, 24/24 HPs)
             Began as a Demonspawn Chaos Knight on May 21, 2023.
             Was a Plaything of Xom.
             Got out of the dungeon alive.
             The game lasted 00:00:12 (96 turns).

Alarkh the Trooper (Demonspawn Chaos Knight)          Turns: 96, Time: 00:00:12

Health: 24/24      AC:  5    Str: 12    XL:     2   Next: 17%
Magic:  2/2        EV: 11    Int: 13    God:    Xom [..*...]
Gold:   23         SH:  0    Dex: 12    Spells: 1/1 levels left

rFire   . .          .
                       - Unarmed
rCold   . . .        (no shield)
rNeg    . . .        a - +2 leather armour
rPois   .            (helmet restricted)
rElec   .            (no cloak)
rCorr   .            (no gloves)
SInv    .            (no boots)
Will    .....        (no amulet)
Stlth   +            (no ring)
HPRegen 0.24/turn    (no ring)
MPRegen 0.08/turn

%: no passive effects
@: hasted, very quick
A: antennae 1
a: Renounce Religion


You escaped.
You worshipped Xom.
You were a toy of Xom.
You visited 1 branch of the dungeon, and saw 1 of its levels.

You collected 23 gold pieces.

Inventory:

Armour
 a - a +2 leather armour (worn)
Miscellaneous
 b - a piece from Xom's chessboard (15/15) (quivered)


   Skills:
 + Level 3.1 Fighting
 - Level 1.7 Armour
 + Level 1.2 Dodging
 * Level 3.0 Unarmed Combat


You had one spell level left.
You didn't know any spells.
Your spell library was empty.

Dungeon Overview and Level Annotations

Branches:
Dungeon (1/15)

Altars:


Innate Abilities, Weirdness & Mutations

You have a pair of small antennae on your head.


Message History

Xom is mildly amused.
You closely miss the bat. The bat barely misses you. x2
You closely miss the bat. The bat hits you but does no damage.
You hit the bat.
You kill the bat!
A frilled lizard comes into view.
Found a scroll labelled PELAWK VENYCH and 12 gold pieces.
You hit the endoplasm.
The endoplasm is severely wounded.
The endoplasm jiggles.
The endoplasm barely misses you.
You hit the endoplasm.
The endoplasm is almost dead.
The endoplasm freezes you.
You are frozen.
You hit the endoplasm.
You kill the endoplasm!
Found a stone staircase leading down.
The frilled lizard completely misses you.
You barely miss the frilled lizard. The frilled lizard closely misses you.
You hit the frilled lizard.
You kill the frilled lizard!
No target in view!
No target in view!
No target in view!
No target in view!
No target in view!
No target in view!
No target in view!
No target in view!
No target in view!
No target in view!
No target in view!
No target in view!
No target in view!
No target in view!
No target in view!
There is a staircase leading out of the dungeon here.
Are you sure you want to leave the Dungeon?
This will make you lose the game!
You have escaped!

.......#..####...###..$..
...........##....# .###
.......###....#.## #
...#........###.####
#........##.##[....#
#.......###.#....8.####
#.......###........≈≈≈#
#.......##........≈≈≈≈#
..#...####[.8..8@.≈≈§>#
.......###........≈≈§§#
#.......#..........≈§§#
.................8.####
#........#.##......#
######.....##....###
##.....#....#
..##...([.## ##.####.# ..


There were no monsters in sight!

Vanquished Creatures
  A dart slug (D:1)
  A bat (D:1)
  2 endoplasms (D:1)
  A hobgoblin (D:1)
  A kobold (D:1)
  A quokka (D:1)
  A frilled lizard (D:1)
8 creatures vanquished.

Notes
Turn   | Place    | Note
-------+----------+-------------------------------------------
     0 | D:1      | Alarkh the Demonspawn Chaos Knight began the quest for the
                  | Orb.
     0 | D:1      | Reached XP level 1. HP: 18/18 MP: 1/1
    24 | D:1      | Reached skill level 1 in Dodging
    34 | D:1      | XOM: silly message
    49 | D:1      | XOM: potion effect (haste)
    74 | D:1      | Gained mutation: You have a pair of small antennae on your
                  | head. [demonic ancestry]
    74 | D:1      | Reached XP level 2. HP: 22/24 MP: 2/2
    96 | D:$      | Got out of the dungeon alive.

Illustrated notes

Levels and vault maps discovered:
D:1:      grunt_arrival_lava_bath, layout_rooms, grunt_decor_fettered,
          minmay_misc_feat_alley, minmay_tetromino_t4

Skill      XL: |  1 |
---------------+----+-----
Dodging        | 1 |  1.2
Unarmed Combat | 3 |  3.0
Fighting       | |  3.1
Armour         | |  1.7

Action                     || total
---------------------------++-------
  Melee: Unarmed           ||    28
 Armour: Leather armour    ||     6
  Dodge: Dodged            ||    16
